 Dungeon Crawl Stone Soup version 0.19-a0-805-g0a78ef0 (webtiles) character file.

5261 ololoev the Basher (level 10, -1/81 HPs)
             Began as a Ghoul Arcane Marksman on June 27, 2016.
             Was a Believer of Ru.
             Slain by a troll (6 damage)
             ... on level 8 of the Dungeon.
             The game lasted 00:22:57 (8612 turns).

ololoev the Basher (Ghoul Arcane Marksman)          Turns: 8612, Time: 00:22:58

Health: -1/81      AC:  9    Str: 17      XL:     10   Next: 62%
Magic:  10/10      EV:  2    Int:  8      God:    Ru [**....]
Gold:   390        SH:  0    Dex:  0 (8)  Spells: 0 memorised, 11 levels left

rFire  + + .     SeeInvis +     a - +1 flail (crush)
rCold  + . .     Gourm    .     D - +2 ring mail {rF+}
rNeg   + + +     Faith    .     (no shield)
rPois  ∞         Spirit   .     x - +0 mask of the Dragon {MR+ Slay+3 SInv}
rElec  .         Dismiss  .     i - +0 cloak {MR+}
rCorr  .         Reflect  .     (no gloves)
SustAt .         Harm     .     (no boots)
MR     ++...                    c - amulet of regeneration
Stlth  ..........               (no ring)
                                C - ring of protection from fire

@: very slightly contaminated, rotting, hasted and slowed, lost dexterity, very
resistant to hostile enchantments, extremely unstealthy
A: rotting body, claws 1, carnivore 3, cold resistance 1, frail 1, negative
energy resistance 3, slow regeneration 1, torment resistance, weak 1,
unbreathing, no conjurations magic, no poison magic, no transmutations magic
a: Renounce Religion


Innate Abilities, Weirdness & Mutations

Your body is rotting away.
You thrive on raw meat.
You are immune to poison.
You have sharp fingernails.
You are carnivorous and can eat meat at any time.
Your flesh is cold resistant. (rC+)
You are frail. (-10% HP)
You are immune to negative energy. (rN+++)
You regenerate slowly when monsters are visible.
You are immune to unholy pain and torment.
You are weak. (Str -2)
You can survive without breathing.
You cannot study or cast Conjurations magic.
You cannot study or cast Poison magic.
You cannot study or cast Transmutations magic.

Inventory:

Hand Weapons
 a - a +1 flail of crushing (weapon)
Armour
 i - a +0 cloak of magic resistance (worn)
 x - the +0 mask of the Dragon (worn) {MR+ Slay+3 SInv}
   (You found it on level 5 of the Dungeon)

   It affects your accuracy and damage with ranged weapons and melee attacks
   (+3).
   It affects your resistance to hostile enchantments.
   It lets you see invisible.
 D - a +2 ring mail of fire resistance (worn)
Jewellery
 c - an amulet of regeneration (around neck)
 C - a ring of protection from fire (left claw)
Wands
 n - a wand of flame (24/48)
 s - a wand of hasting (1/9)
 u - a wand of enslavement (0/24)
Scrolls
 b - 2 scrolls of remove curse
 e - a scroll of teleportation
 g - a scroll of enchant weapon
 j - a scroll of random uselessness {unknown}
 o - 2 scrolls of amnesia
 r - a scroll of enchant armour
 v - 2 scrolls of magic mapping
 w - a scroll of fog
 y - 2 scrolls of blinking
Potions
 l - a potion of resistance
 m - 2 potions of ambrosia
Books
 q - a book of Dreams

   Spells                             Type                      Level
   a - Ensorcelled Hibernation        Hexes/Ice                    2
   b - Silence                        Hexes/Air                    5
   c - Darkness                       Hexes                        6
   d - Shadow Creatures               Summoning                    6
 A - a book of Maledictions

   Spells                             Type                      Level
   a - Corona                         Hexes                        1
   b - Ensorcelled Hibernation        Hexes/Ice                    2
   c - Confuse                        Hexes                        3
   d - Tukima's Dance                 Hexes                        3
   e - Dazzling Spray                 Conjuration/Hexes            3
 B - a Fen Folio

   Spells                             Type                      Level
   a - Corpse Rot                     Necromancy                   2
   b - Stone Arrow                    Conjuration/Earth            3
   c - Leda's Liquefaction            Hexes/Earth                  4
   d - Summon Forest                  Summoning/Translocation      5
   e - Hydra Form                     Transmutation                6
   f - Summon Hydra                   Summoning                    7
Comestibles
 d - a royal jelly
 f - 4 meat rations
 h - 2 beef jerkies


   Skills:
 + Level 8.6 Fighting
 * Level 9.8 Maces & Flails
 - Level 2.8 Throwing
 + Level 6.8 Armour
 - Level 1.7 Dodging
 - Level 1.0 Spellcasting
   Level 2.4 Hexes


You had 11 spell levels left.
You didn't know any spells.


You were on level 8 of the Dungeon.
You worshipped Ru.
Ru was pleased with you.
You were not hungry.

You visited 2 branches of the dungeon, and saw 9 of its levels.

You collected 390 gold pieces.

...##.......##... #.....#...
...##.......##...# #.....#...
............##...# #.....#...
...##........#...#######.....####
.............+...##..........#
#.#.#........#.......#.#.#...#
.............#...............#
#.#.#.....o..#.......#[#.#...#
............##..@##..........####
#.#.#.......####T##..#.#.#.......
............##.oo................
....#........o.........'.........
....#..................#.........
....#..................#.........
....#.......##...##....##########
...###########...##..... .......
...##..... #.......... .......

Notes
Turn   | Place    | Note
--------------------------------------------------------------
     0 | D:1      | ololoev the Ghoul Arcane Marksman began the quest for the Orb.
     0 | D:1      | Reached XP level 1. HP: 16/16 MP: 1/1
   333 | D:1      | Reached XP level 2. HP: 16/22 MP: 2/2
   382 | D:1      | Reached skill level 1 in Armour
   462 | D:1      | Reached XP level 3. HP: 18/26 MP: 3/3
   569 | D:1      | Reached skill level 1 in Maces & Flails
  1569 | D:2      | Reached XP level 4. HP: 15/36 MP: 4/4
  1748 | D:2      | Found a faded altar of an unknown god.
  1788 | D:2      | Became a worshipper of Ru the Awakened
  1805 | D:2      | Gained mutation: You are weak. (Str -2) [Ru sacrifice]
  2494 | D:3      | Noticed tyrsky's ghost (weakling FoVM)
  2545 | D:3      | Killed tyrsky's ghost
  2545 | D:3      | Reached skill level 2 in Maces & Flails
  2545 | D:3      | Reached XP level 5. HP: 21/42 MP: 5/5
  3317 | D:4      | Noticed an ogre
  3423 | D:4      | Noticed Natasha
  3423 | D:4      | Noticed Grinder
  3651 | D:4      | Killed Natasha
  3672 | D:4      | Paralysed by Grinder for 6 turns
  3711 | D:4      | Killed Grinder
  3711 | D:4      | Reached skill level 3 in Maces & Flails
  3711 | D:4      | Reached XP level 6. HP: 29/49 MP: 6/6
  3851 | D:4      | Noticed Menkaure
  3878 | D:4      | Killed Menkaure
  3878 | D:4      | Reached skill level 4 in Maces & Flails
  3878 | D:4      | Reached XP level 7. HP: 40/58 MP: 7/7
  3908 | D:4      | Noticed Natasha
  5083 | D:5      | Entered Level 5 of the Dungeon
  5160 | D:4      | Reached skill level 5 in Maces & Flails
  5160 | D:4      | Reached XP level 8. HP: 15/67 MP: 8/8
  5284 | D:5      | Noticed Pikel
  5353 | D:4      | Killed Pikel
  5353 | D:4      | Reached skill level 5 in Fighting
  5353 | D:4      | Reached skill level 6 in Maces & Flails
  5453 | D:5      | Noticed Sigmund
  5463 | D:5      | Killed Sigmund
  5472 | D:5      | Gained mutation: You are frail. (-10% HP) [Ru sacrifice]
  5472 | D:5      | Reached * piety under Ru
  5485 | D:5      | Noticed Edmund
  5501 | D:5      | Killed Edmund
  5669 | D:5      | Found a bloodstained altar of Trog.
  5679 | D:5      | Reached XP level 9. HP: 65/65 MP: 0/9
  5741 | D:5      | Found a basalt altar of Yredelemnul.
  5966 | D:5      | Reached skill level 7 in Maces & Flails
  5966 | D:5      | Reached skill level 5 in Armour
  6372 | D:6      | Found a glowing golden altar of the Shining One.
  6881 | D:7      | Reached skill level 8 in Maces & Flails
  7007 | D:7      | Noticed Duvessa
  7007 | D:7      | Noticed Dowan
  7023 | D:7      | Killed Duvessa
  7036 | D:7      | Killed Dowan
  7189 | D:7      | Reached XP level 10. HP: 67/77 MP: 10/10
  7287 | D:7      | Found a shattered altar of Ashenzari.
  7327 | D:7      | Found a staircase to the Ecumenical Temple.
  7452 | D:7      | Reached skill level 9 in Maces & Flails
  7458 | D:7      | Gained mutation: You cannot study or cast Poison magic. [Ru sacrifice]
  7458 | D:7      | Gained mutation: You cannot study or cast Transmutations magic. [Ru sacrifice]
  7458 | D:7      | Gained mutation: You cannot study or cast Conjurations magic. [Ru sacrifice]
  7458 | D:7      | Reached ** piety under Ru
  7776 | D:8      | Noticed Erica
  7810 | D:7      | Killed Erica
  8128 | D:7      | Lost dexterity.
  8132 | D:7      | HP: 3/81 [quasit (2)]
  8215 | Temple   | Entered the Ecumenical Temple
  8612 | D:8      | Slain by a troll

Dungeon Overview and Level Annotations

Branches:
Dungeon (8/15)             Temple (1/1) D:7
   Lair: D:8-11

Altars:
Ashenzari
Cheibriados
Dithmenos
Elyvilon
Fedhas
Gozag
Hepliaklqana
Kikubaaqudgha
Makhleb
Nemelex Xobeh
Okawaru
Pakellas
Qazlal
Ru
Sif Muna
Trog
Uskayaw
Vehumet
Xom
Yredelemnul
Zin
The Shining One

Annotations:
D:4 Natasha


Message History

Evoking this partially-identified wand wasted a few charges.
Evoke which item? (* to show all) (? for menu, Esc to quit)
Zapping:
n - a wand of flame {zapped: 3} (will waste charges)
Press: ? - help, Shift-Dir - straight line, f/p - troll
Aim: a troll (lightly wounded)
The puff of flame misses the troll.
Evoking this partially-identified wand wasted a few charges.
Evoke which item? (* to show all) (? for menu, Esc to quit)
Zapping:
n - a wand of flame {zapped: 6} (will waste charges)
Press: ? - help, Shift-Dir - straight line, f/p - troll
Aim: a troll (lightly wounded)
The puff of flame hits the troll.
The troll is moderately wounded.
Evoking this partially-identified wand wasted a few charges.
Evoke which item? (* to show all) (? for menu, Esc to quit)
Zapping:
n - a wand of flame {zapped: 9} (will waste charges)
Press: ? - help, Shift-Dir - straight line, f/p - troll
Aim: a troll (lightly wounded)
The puff of flame hits the troll.
The troll is moderately wounded.
Evoking this partially-identified wand wasted a few charges.
The orc warrior shouts!
Okay, then.
You sock the troll!
The troll is heavily wounded.
The troll bites you. The troll claws you.
The troll claws you but does no damage.
You hit the troll.
The troll is heavily wounded.
You closely miss the troll.
The troll is heavily wounded.
The troll bites you.
The troll claws you but does no damage. x2
You hit the troll.
The troll is heavily wounded.
The troll bites you but does no damage. The troll claws you.
The troll claws you but does no damage. The orc hits you but does no damage.
You barely miss the troll.
The troll is heavily wounded.
The troll bites you! The troll completely misses you. The troll claws you.
You barely miss the troll.
The troll is heavily wounded.
The orc shouts!
The troll bites you but does no damage. The troll claws you but does no damage.
The troll claws you.
Unknown command.
You hit the troll.
The troll is heavily wounded.
The orc warrior hits you with an enchanted mace.
The troll bites you! The troll barely misses you. x2
Unknown command.
You barely miss the troll.
The troll is heavily wounded.
The troll bites you! The troll claws you.
The troll claws you but does no damage. The orc warrior barely misses you.
There is an open door here.
You barely miss the orc. The orc hits you but does no damage.
You hit the orc.
You kill the orc!
You feel much better.
The troll is stunned by your will and fails to attack.
You barely miss the troll.
The troll is moderately wounded.
The troll completely misses you. The troll claws you but does no damage.
The troll claws you.
You hit the troll but do no damage.
The troll is moderately wounded.
You sock the troll!
The troll is heavily wounded.
The troll bites you! The troll claws you. x2
You hit the troll.
The troll is severely wounded.
Your extra speed is starting to run out.
The troll bites you! The troll barely misses you. x2
You sock the troll!
The troll is almost dead.
The troll barely misses you. The troll claws you.
The troll claws you but does no damage.
You feel better. The troll bites you! The troll claws you but does no damage.
The troll claws you.
You die...

You could see a troll, an orc warrior and an orc.

Vanquished Creatures
  Pikel (D:4)
  Grinder (D:4)
  Sigmund (D:5)
  A spriggan (D:7)
  A hungry ghost (D:8)
  Menkaure (D:4)
  2 hippogriffs (D:7)
  Edmund (D:5)
  Duvessa (D:7)
  2 ice beasts (D:7)
  2 orc warriors
  2 eyes of draining
  4 ogres
  A centaur (D:7)
  A gnoll sergeant (D:4)
  4 giant frogs
  Dowan (D:7)
  A wyvern skeleton (D:7)
  3 scorpions
  5 killer bees (D:7)
  The ghost of tyrsky the Stinger, a weakling FoVM (D:3)
  An electric eel (D:7)
  A howler monkey (D:4)
  A centaur zombie (D:7)
  2 crimson imps (D:6)
  A quasit (D:7)
  A giant frog zombie (D:8)
  2 hounds
  4 orc priests
  4 iguanas
  2 centaur skeletons
  9 orc wizards
  4 worker ants
  Natasha (D:4)
  A killer bee zombie (D:7)
  A hound zombie (D:8)
  8 gnolls
  5 adders
  A shadow imp (D:7)
  2 oozes
  An adder skeleton (D:4)
  2 worms
  A dart slug (D:2)
  7 giant geckos
  40 orcs
  A ball python (D:3)
  2 giant cockroaches
  4 goblins
  12 hobgoblins
  4 jackals (D:3)
  9 kobolds
  A quokka (D:8)
  5 bats
  11 giant newts
  A jackal skeleton (D:7)
  A quokka skeleton (D:6)
  A quokka zombie (D:6)
  8 rats
  A spectral orc (D:5)
200 creatures vanquished.

Vanquished Creatures (others)
  Erica (D:7)
  A slave (D:5)
  A killer bee (D:8)
  A worker ant (D:5)
  5 toadstools (D:1)
9 creatures vanquished.

Grand Total: 209 creatures vanquished

Action                   |  1- 3 |  4- 6 |  7- 9 | 10-12 || total
-------------------------+-------+-------+-------+-------++-------
Melee: Unarmed           |    40 |    33 |       |       ||    73
       Club              |   219 |   269 |       |       ||   488
       Whip              |       |    78 |   251 |       ||   329
       Flail             |       |       |   330 |   231 ||   561
Throw: Throwing net      |     2 |     1 |       |       ||     3
       Javelin           |     5 |    19 |    23 |       ||    47
Invok: Sacrifice Purity  |       |     1 |       |       ||     1
       Sacrifice Health  |       |       |     1 |       ||     1
       Sacrifice Arcana  |       |       |       |     1 ||     1
Evoke: Wand              |       |       |     1 |     7 ||     8
  Use: Potion            |       |     8 |     2 |     6 ||    16
       Scroll            |       |       |     9 |     3 ||    12
 Stab: Held in net/web   |     1 |     1 |       |       ||     2
  Eat: Chunk             |    10 |     9 |    29 |    15 ||    63
Armor: Chain mail        |   102 |       |       |       ||   102
       Robe              |     1 |       |       |       ||     1
       Plate armour      |   115 |   376 |   356 |       ||   847
       Ring mail         |       |       |    17 |   223 ||   240
Dodge: Dodged            |    83 |    98 |   111 |   190 ||   482

Vault maps used:
D:1:      ldierk_walled_garden, minmay_bisected
D:2:      first_bread, ecumenical_altar_2
D:3:      minivault_14
D:4:      lemuel_upstairs_altar, serial_curves, eino_curves_03, eino_curves_04,
          eino_curves_04, uniq_menkaure, uniq_natasha, uniq_grinder
D:5:      trog_eyes_of_draining, yredelemnul_forgotten_temple_becter,
          uniq_sigmund, uniq_pikel, uniq_edmund
D:6:      tso_metal_star, kennysheep_cross_room
D:7:      lemuel_crystal_altar, minmay_crystal_water, the_bakery, uniq_duvessa
D:8:      serial_glass, glass_columns_b, glass_columns_b, feat_on_display,
          uniq_erica
Temple:   compressed_dpeg_circular_temple
